 Dungeon Crawl Stone Soup version 0.27.1-1-g398f81649c (webtiles) character file.

Game seed: 4017998940008929565

2294 trigross the Ruffian (level 9, -1/83 HPs)
             Began as a Troll Berserker on Sept 11, 2021.
             Was an Elder of Trog.
             Slain by Grum (15 damage)
             ... on level 8 of the Dungeon.
             The game lasted 00:31:05 (3906 turns).

trigross the Ruffian (Troll Berserker)              Turns: 3906, Time: 00:31:05

Health: -1/83      AC:  8    Str: 36    XL:     9   Next: 17%
Magic:  8/8        EV: 10    Int:  3    God:    Trog [****..]
Gold:   218        SH:  0    Dex:  9    Spells: 8/8 levels left

rFire    + . .     SeeInvis .     - Unarmed
rCold    . . .     Faith    .   (no shield)
rNeg     + . .     Spirit   .   p - +0 steam dragon scales
rPois    .         Reflect  .   (helmet restricted)
rElec    .         Harm     .   e - +0 cloak
rCorr    .         Rampage  .   (gloves unavailable)
Will     .....                  (boots unavailable)
Stlth    ++........             (no amulet)
HPRegen  1.23/turn              o - ring "Rajiuvab" {rF+ rN+ Str+6 Stlth+}
MPRegen  0.11/turn              (no ring)

@: lethally poisoned (-1 -> -1)
A: large, unfitting armour, claws 3, regeneration 1, shaggy fur 1, tough skin 1
a: Renounce Religion, Berserk, Trog's Hand, Brothers in Arms


You were on level 8 of the Dungeon.
You worshipped Trog.
Trog was greatly pleased with you.
You visited 1 branch of the dungeon, and saw 7 of its levels.

You collected 218 gold pieces.

Inventory:

Hand Weapons
 a - a +0 hunting sling
 h - a +4 quarterstaff of chaos
Missiles
 c - 119 sling bullets
 d - 10 poisoned darts
 f - a boomerang (quivered)
Armour
 e - a +0 cloak (worn)
 g - a +0 animal skin
 p - +0 steam dragon scales (worn)
Magical Staves
 m - a staff of air
Jewellery
 o - the ring "Rajiuvab" (left claw) {rF+ rN+ Str+6 Stlth+}
   (You took it off Maggie on level 7 of the Dungeon)

   [ring of strength]

   Str:       It affects your strength (+6).
   rF:        It protects you from fire.
   rN:        It protects you from negative energy.
   Stlth:     It makes you more stealthy.
Wands
 i - a wand of flame (17)
 l - a wand of mindburst (12)
Scrolls
 k - a scroll of identify
Potions
 j - a potion of flight
 n - a potion of resistance


   Skills:
 + Level 3.2 Fighting
 * Level 1.6(3.6) Slings
 * Level 6.8(7.0) Throwing
 * Level 4.8 Dodging
 * Level 7.9 Unarmed Combat


You had 8 spell levels left.
You didn't know any spells.
Your spell library was empty.

Dungeon Overview and Level Annotations

Branches:
Dungeon (8/15)             Temple (0/1) D:7
   Lair: D:8-11

Altars:
Gozag
Makhleb
Qazlal
Uskayaw
The Shining One

Shops:
D:1 (   D:2 *

Annotations:
D:8 Grum


Innate Abilities, Weirdness & Mutations

You are too large for most types of armour.
You have claws for hands.
Your natural rate of healing is unusually fast.
You are covered in fur. (AC +1)
You have tough skin. (AC +1)


Message History

[Y]es or [N]o only, please.
Really attack while wielding your +0 hunting sling? [Y]es or [N]o only, please.
Really attack while wielding your +0 hunting sling? [Y]es or [N]o only, please.
Really attack while wielding your +0 hunting sling?
Okay, then.
You are now empty-clawed.
You feel sick.
You claw the water moccasin!
The water moccasin is heavily wounded.
You feel sick.
You are no longer poisoned.
The water moccasin bites you.
You claw the water moccasin!
The water moccasin is severely wounded.
The water moccasin bites you.
You are poisoned.
The water moccasin poisons you!
You miss the water moccasin. Your claw misses the water moccasin.
The water moccasin is severely wounded.
You feel very sick.
The water moccasin bites you but does no damage.
The water moccasin bites you!
You closely miss the water moccasin.
The water moccasin is severely wounded.
You feel very sick. The water moccasin misses you.
You mangle the water moccasin!!
You kill the water moccasin!
Trog accepts your kill.
You feel sick. The wolf bites you!
* * * LOW HITPOINT WARNING * * *
You barely miss the wolf.
You feel sick. The wolf bites you.
* * * LOW HITPOINT WARNING * * *
You mangle the wolf!!
You kill the wolf!
Trog accepts your kill.
You feel sick. Grum closely misses you.
You feel sick. Grum hits you with a +1 halberd!
You die...

...........### #
...#..#..g[!#.##.. .
.......h#.#.....
######.####...(#....
..........#.........
.........)).(.......
.######>............
########....######....
#..))@gh..)<# #...
#########...# #..
#...# ## .....#
.###### .. #


You could see Grum and a wolf.

Vanquished Creatures
  Maggie (D:7)
  Menkaure (D:6)
  2 water moccasins (D:8)
  2 ice beasts (D:7)
  2 necrophages (D:7)
  2 ogres
  A wolf (D:8)
  A centaur (D:7)
  2 bullfrogs
  A scorpion (D:7)
  Blork the orc (D:6)
  A water moccasin zombie (D:3)
  3 wights (D:7)
  2 hounds (D:6)
  A centaur zombie (D:8)
  A gnoll shaman (D:8)
  A centaur skeleton (D:4)
  Crazy Yiuf (D:3)
  3 orc priests (D:6)
  Jessica (D:3)
  2 bullfrog skeletons (D:6)
  An orc wizard (D:6)
  A killer bee zombie (D:7)
  4 gnolls (D:8)
  7 adders
  A shadow imp (D:7)
  A worm (D:2)
  A dart slug (D:1)
  13 orcs
  3 endoplasms
  6 giant cockroaches
  9 goblins
  6 hobgoblins (D:1)
  7 jackals
  A quokka (D:1)
  2 ball pythons
  3 bats (D:1)
  3 frilled lizards
  3 kobolds
  3 rats
107 creatures vanquished.

Vanquished Creatures (others)
  A plant (D:1)
1 creature vanquished.

Grand Total: 108 creatures vanquished

Notes
Turn   | Place    | Note
-------+----------+-------------------------------------------
     0 | D:1      | trigross the Troll Berserker began the quest for the Orb.
     0 | D:1      | Reached XP level 1. HP: 22/22 MP: 0/0
    80 | D:1      | Found a faded altar of an unknown god.
   223 | D:1      | Reached XP level 2. HP: 29/29 MP: 1/1
   235 | D:1      | Found Ysajoik's Antique Weapon Emporium.
   561 | D:1      | Reached ** piety under Trog
   618 | D:1      | Reached skill level 1 in Throwing
   830 | D:1      | Reached XP level 3. HP: 36/36 MP: 2/2
  1146 | D:2      | Found Diygab's Assorted Antiques.
  1276 | D:2      | You fall into a shaft and drop 1 floor!
  1283 | D:3      | Found a hide-covered altar of Uskayaw.
  1403 | D:3      | Found a burning altar of Makhleb.
  1462 | D:3      | Found a runed translucent door.
  1463 | D:3      | Noticed Crazy Yiuf
  1550 | D:3      | Reached XP level 4. HP: 44/44 MP: 3/3
  1604 | D:3      | Reached skill level 4 in Unarmed Combat
  1734 | D:3      | Noticed Jessica
  1745 | D:3      | Reached XP level 5. HP: 50/50 MP: 4/4
  1748 | D:3      | Killed Jessica
  2218 | D:3      | Killed Crazy Yiuf
  2299 | D:4      | Lost intelligence.
  2343 | D:4      | You fall into a shaft and drop 3 floors!
  2343 | D:7      | Noticed a necrophage
  2356 | D:7      | Killed a necrophage
  2357 | D:7      | Reached XP level 6. HP: 50/59 MP: 5/5
  2398 | D:7      | Noticed an ice beast
  2408 | D:7      | Killed an ice beast
  2408 | D:7      | Reached *** piety under Trog
  2461 | D:7      | Noticed an ice beast
  2462 | D:7      | Reached skill level 5 in Unarmed Combat
  2462 | D:7      | Reached XP level 7. HP: 56/66 MP: 6/6
  2705 | D:6      | Noticed Menkaure
  2710 | D:6      | Killed Menkaure
  2774 | D:6      | Noticed Blork the orc
  2779 | D:6      | Killed Blork the orc
  2780 | D:6      | Reached skill level 5 in Throwing
  2904 | D:6      | Reached skill level 6 in Unarmed Combat
  2979 | D:6      | Reached XP level 8. HP: 50/74 MP: 7/7
  3304 | D:7      | Reached skill level 7 in Unarmed Combat
  3373 | D:7      | Found an opulent altar of Gozag.
  3420 | D:7      | Found a stormy altar of Qazlal.
  3507 | D:7      | Found a glowing golden altar of the Shining One.
  3524 | D:7      | Found a staircase to the Ecumenical Temple.
  3541 | D:7      | Identified the ring "Rajiuvab" {rF+ rN+ Str+6 Stlth+}
  3541 | D:7      | Noticed Maggie
  3557 | D:7      | Killed Maggie
  3558 | D:7      | Reached skill level 1 in Slings
  3768 | D:8      | Reached **** piety under Trog
  3778 | D:8      | Reached XP level 9. HP: 30/81 MP: 8/8
  3879 | D:8      | Noticed Grum
  3906 | D:8      | Slain by Grum

Illustrated notes

Levels and vault maps discovered:
D:1:      dpeg_arrival_simpleton_a, layout_basic, serial_forest,
          infiniplex_forest_diagonal, infiniplex_forest_straight_2,
          infiniplex_forest_end_2, infiniplex_forest_zigzag_1,
          infiniplex_forest_end_1, infiniplex_forest_straight_2,
          dilly_ecumenical_altar_fadedgnrine, serial_shops, shop_statue
D:2:      layout_loops_ring, serial_shops,
          nicolae_shop_temple_entry_statues_fountains, dk_noncrumbling_3
D:3:      layout_basic, mainiacjoe_overflow_large_starburst,
          corexii_hall_statues_x, uniq_jessica, uniq_crazy_yiuf_cottage
D:4:      layout_loops_corners
D:6:      layout_gridville, uniq_blork_the_orc, uniq_menkaure
D:7:      layout_rooms, grunt_gozag_statues, tso_metal_star,
          mainiacjoe_overflow_cross_hatched, minmay_temple_entry_hall,
          serial_bayou_pond_e, uniq_maggie
D:8:      layout_rooms, nzn_wu_jian_council_hall,
          nicolae_shop_sticking_my_neck_out, uniq_grum

Skill      XL: |  1  2  3  4  5  6  7  8 |
---------------+-------------------------+-----
Throwing       | 1 2 3 4 5 6 |  6.8
Dodging        | 3 4 |  4.8
Unarmed Combat | 4 5 6 7 |  7.9
Fighting       | 3 |  3.2
Slings         | 1 |  1.6

Action                   |  1- 3 |  4- 6 |  7- 9 || total
-------------------------+-------+-------+-------++-------
Melee: Unarmed           |    64 |    70 |   119 ||   253
       Punch             |       |     1 |     6 ||     7
       Hunting sling     |       |       |     1 ||     1
 Fire: Hunting sling     |       |       |    22 ||    22
Throw: Stone             |    16 |       |       ||    16
       Boomerang         |    35 |    35 |    46 ||   116
  Use: Scroll            |     5 |       |     1 ||     6
       Potion            |     3 |     3 |     3 ||     9
Armor: Animal skin       |    23 |    20 |    25 ||    68
       Steam dragon scal |       |       |    17 ||    17
Dodge: Dodged            |    37 |    34 |    55 ||   126
